[Event "*** SCC Grand Prix: Titled Tuesday Blitz"]
[Site "Chess.com"]
[Date "2020.07.14"]
[Round "9"]
[White "Rytenko_V"]
[Black "Nara_Kh"]
[Result "1-0"]
[WhiteElo "2443"]
[BlackElo "2266"]
[TimeControl "180+1"]
[EndTime "11:48:11 PDT"]
[Termination "Rytenko_V won on time"]

1. e4 c5 2. Nf3 d6 3. c3 Nf6 4. Bc4 g6 5. e5 dxe5 6. Nxe5 e6 7. d4 Bg7 8. O-O O-O 9. dxc5 Qc7 10. Qd6 Qxd6 11. cxd6 Ne4 12. Bf4 Nxd6 13. Bb3 Nf5 14. Nc4 Nc6 15. Nbd2 b5 16. Nd6 Nxd6 17. Bxd6 Rd8 18.
Bf4 e5 19. Bg5 Rd3 20. Ne4 Bf5 21. Nc5 Rd6 22. Rad1 Bf8 23. Nb7 Rd3 24. Bd5 Rc8 25. Rxd3 Bxd3 26. Rd1 e4 27. f3 Be2 28. Rd2 exf3 29.
gxf3 Bc4 30. b3 Bxd5 31. Rxd5 Kg7 32. Nd6 Bxd6 33. Rxd6 h6 34. Bf6+ Kh7 35. Rd7 Kg8 36. Kf2 Na5 37. Ke3 Nc6 38. Ke4 g5 39. Kf5 Re8 40. c4 bxc4 41. bxc4 Nb4 42. c5 Rc8 43. Bd4 Nc2 44. Bf2 Rc6 45. Ke4 Kg7 46. a3 Nxa3 47.
Kd5 Re6 48. Bd4+ Kg6 49. c6 Nb5 50. Be5 a5 51. Rb7 1-0

[Event "*** SCC Grand Prix: Titled Tuesday Blitz"]
[Site "Chess.com"]
[Date "2020.07.14"]
[Round "9"]
[White "GGfrances"]
[Black "GM_LOADING"]
[Result "0-1"]
[WhiteElo "2398"]
[BlackElo "2585"]
[TimeControl "180+1"]
[EndTime "11:48:12 PDT"]
[Termination "GM_LOADING won by resignation"]

1. e4 e5 2. Nf3 Nc6 3. Bc4 Nf6 4. Ng5 d5 5. exd5 Na5 6. Bb5+ c6 7. dxc6 bxc6 8.
Qf3 Be7 9. Bxc6+ Nxc6 10. Qxc6+ Bd7 11. Qf3 O-O 12. Nc3 Rc8 13. b3 Bc5 14. Bb2 Bd4 15. Nge4 Nxe4 16. Qxe4 Bc6 17. Qg4 f5 18. Qh5 Qa5 19. f3 Rce8 20. O-O-O Bxc3 21. Bxc3 Qxa2 22. Rde1 Rc8 23. Rxe5 Be8 24. Qxe8 Rfxe8 25. Ra5 Qxa5 26. Bxa5 Re2 27. Rg1 Rce8 28. d4 Rc8 29. Bd2 Rce8 30. h4 Rf2 31. g4 Rxf3 32. gxf5 Rxf5 33. Rd1 Kf7 34. Kb2 Ke6 35. c4 Kd7 36. Kc3 Rf3+ 37.
Kc2 Re2 38. Rg1 g6 39. Rd1 h6 40. d5 g5 41. hxg5 hxg5 42. Rg1 Rff2 43. Rd1 g4 44. Kd3 g3 45. Be3 Rh2 46. Rg1 Reg2 47. Rf1 Ra2 48.
Rg1 g2 49. Kd4 Rh1 50. Kc5 Rxg1 51. Bxg1 Ra1 52. Bd4 g1=Q 53. Bxg1 Rxg1 54. b4 Rc1 55. Kb5 Kd6 56. c5+ Kxd5 57. Ka6 Kc6 58. Kxa7 Ra1+ 59. Kb8 Ra4 60. b5+ Kxb5 61. c6 Kxc6 0-1

[Event "*** SCC Grand Prix: Titled Tuesday Blitz"]
[Site "Chess.com"]
[Date "2020.07.14"]
[Round "9"]
[White "Guenplen"]
[Black "chessdjw"]
[Result "0-1"]
[WhiteElo "2863"]
[BlackElo "2677"]
[TimeControl "180+1"]
[EndTime "11:48:14 PDT"]
[Termination "chessdjw won by resignation"]

1. d4 Nf6 2. Bf4 d5 3. e3 c5 4. c3 Nc6 5. Nd2 Bf5 6. Ngf3 Qb6 7. dxc5 Qxb2 8. Nd4 Ne4 9. Nxf5 Nxd2 10. Bd3 Qxc3 11. Ke2 Ne4 12. Rc1 Qb2+ 13. Qc2 Qxc2+ 14. Rxc2 e5 15.
Bxe4 dxe4 16. Bg3 O-O-O 17. Rb1 g6 18. Nd6+ Bxd6 19. cxd6 Rhe8 20. Rb4 f5 21. Rb5 Rxd6 22. Bxe5 Rde6 23. Bf4 b6 24. Rd5 Rd8 25. Rxd8+ Kxd8 26. a3 Kc8 27. h3 Kb7 28. Rd2 Re7 29. g4 fxg4 30. hxg4 h5 31. g5 Re6 32. Rd7+ Ka6 33. Rf7 Kb5 34. f3 exf3+ 35. Kxf3 Ka4 36. e4 a5 37. Rf6 Kxa3 38. Be3 Ne5+ 39. Kf4 Nd3+ 40.
Kf3 Ne1+ 41. Ke2 Rxe4 42. Rxg6 Ng2 43. Kf3 Rxe3+ 44. Kxg2 Re5 45. Kg3 b5 46. Kh4 b4 47.
Rb6 b3 48. g6 Re1 49. g7 Rg1 50. Rb7 b2 51. Kxh5 Rxg7 52. Rxg7 b1=Q 53. Rg2 Qf5+ 54.
Kh4 Qe4+ 55. Kg3 Qxg2+ 0-1

[Event "*** SCC Grand Prix: Titled Tuesday Blitz"]
[Site "Chess.com"]
[Date "2020.07.14"]
[Round "9"]
[White "Tekushka"]
[Black "maestroza"]
[Result "1/2-1/2"]
[WhiteElo "2361"]
[BlackElo "2499"]
[TimeControl "180+1"]
[EndTime "11:48:15 PDT"]
[Termination "Game drawn by repetition"]

1. d4 Nf6 2. c4 e6 3. Nf3 Bb4+ 4.
Nbd2 O-O 5. a3 Be7 6. e4 d6 7.
Be2 Nfd7 8. Nb1 e5 9. Nc3 exd4 10. Nxd4 Nc6 11. Nxc6 bxc6 12. b3 Bf6 13. Bb2 Nc5 14.
Qc2 Re8 15. O-O a5 16. Rab1 Rb8 17. Ba1 Ne6 18. b4 axb4 19. axb4 Nd4 20. Qd3 Ra8 21.
Bb2 Bd7 22. f3 Qb8 23. Bc1 Be6 24. Be3 Nxe2+ 25. Nxe2 Ra2 26. Nd4 Bd7 27. c5 Qa8 28. cxd6 cxd6 29. Nb3 Qb8 30. Bd4 Bxd4+ 31. Nxd4 Qb6 32.
Kh1 Rea8 33. Ne2 Be6 34. Nf4 Rd8 35. Nxe6 fxe6 36. Qb3 Rd2 37. Qxe6+ Kh8 38. Ra1 h6 39. Qe7 Rb8 40. Ra7 Rg8 41. h3 Qxb4 42. Qf7 Qb5 43. Rg1 Qe2 44. Re7 Rd1 45. Re8 Rxg1+ 46. Kxg1 Qd1+ 47. Kh2 Rxe8 48. Qxe8+ Kh7 49. Qxc6 Qd4 50. Qd5 Qb6 51. Qf5+ Kh8 52. h4 Qf2 53. Kh3 Qd2 54. h5 Qd4 55. Qf8+ Kh7 56. Qf5+ Kh8 57. Qg6 Qe5 58. Qf5 Qd4 1/2-1/2

[Event "*** SCC Grand Prix: Titled Tuesday Blitz"]
[Site "Chess.com"]
[Date "2020.07.14"]
[Round "9"]
[White "SiddharthGMJagadeesh"]
[Black "attack2mateU"]
[Result "0-1"]
[WhiteElo "2513"]
[BlackElo "2663"]
[TimeControl "180+1"]
[EndTime "11:48:16 PDT"]
[Termination "attack2mateU won by resignation"]

1. Nf3 Nf6 2. c4 g6 3. g3 Bg7 4. Bg2 O-O 5. O-O c5 6. d4 cxd4 7. Nxd4 Nc6 8. Nc2 d6 9. Nc3 Bd7 10. b3 Qa5 11. Bb2 Rfc8 12. Ne3 a6 13. a3 Qh5 14.
Rb1 Rab8 15. Ncd5 Nxd5 16. Nxd5 Bxb2 17. Rxb2 b5 18. c5 dxc5 19. Nf4 Qe5 20. Qxd7 Qxb2 21.
Bxc6 e6 22. Nd3 Qxa3 23. Ne5 Rf8 24. Qe7 Qxb3 25. Nd7 Qb2 26. Nxf8 Rxf8 27. Qxc5 Qxe2 28. Qb6 Qa2 29. Rd1 Qa4 30. Rd8 Rxd8 31. Qxd8+ Kg7 32. Qd2 Qc4 33. Bf3 b4 34. Be2 Qc3 35. Qxc3+ bxc3 36. Bd3 Kf6 37. Kf1 Ke5 38. Ke2 a5 39. Bc2 Kd4 40.
Bb3 g5 41. f3 h6 42. h4 gxh4 43. gxh4 Kc5 44. Kd3 Kb4 45. Bc2 a4 46. Bxa4 Kxa4 47. Kxc3 Kb5 48. Kd4 f6 49. Ke4 Kc5 50. Kf4 Kd4 51. Kg4 Ke3 52. Kh5 Kxf3 53. Kxh6 e5 54. h5 e4 55. Kg6 e3 56. h6 e2 57. h7 e1=Q 58. h8=Q Qe4+ 59. Kf7 f5 60. Qh3+ Ke2 61. Qh2+ Ke3 62. Qg3+ Kd4 63. Qd6+ Qd5+ 0-1

[Event "*** SCC Grand Prix: Titled Tuesday Blitz"]
[Site "Chess.com"]
[Date "2020.07.14"]
[Round "9"]
[White "MustafayevFarid2004"]
[Black "bratkoo"]
[Result "1-0"]
[WhiteElo "2391"]
[BlackElo "2471"]
[TimeControl "180+1"]
[EndTime "11:48:16 PDT"]
[Termination "MustafayevFarid2004 won by checkmate"]

1. d4 e6 2. c4 d5 3. cxd5 exd5 4. Nc3 c6 5. Nf3 Bd6 6. Bg5 Ne7 7. e3 h6 8. Bh4 Qb6 9. Qd2 Nf5 10. Bg3 Nxg3 11. hxg3 Bf5 12. Bd3 Bxd3 13. Qxd3 Qxb2 14. Rb1 Qa3 15. O-O b6 16. e4 O-O 17. Rb3 Qa5 18.
exd5 cxd5 19. Nb5 Rd8 20. Rc1 Na6 21. Nxd6 Rxd6 22. Ra3 Nb4 23. Qc3 Qb5 24. Ne5 a5 25. Qc7 Rf6 26. Rf3 Rxf3 27. gxf3 Qe8 28. Qxb6 Nxa2 29. Ra1 Nc3 30. Rxa5 Rxa5 31. Qxa5 Ne2+ 32. Kg2 Nxd4 33. Qxd5 Ne6 34. Nd3 Qd8 35. Qe4 g6 36. f4 h5 37. Ne5 Qd4 38. Qa8+ Qd8 39. Qb7 Qc7 40. Qe4 Kg7 41. Nxg6 fxg6 42. Qxe6 Kh7 43. f5 Qb7+ 44. Kh2 gxf5 45. Qxf5+ Kh6 46. f4 Qf3 47. Qg5+ Kh7 48. Qe7+ Kh6 49. Qd6+ Kh7 50. Qc7+ Kg6 51. Qb6+ Kg7 52. Qb2+ Kg6 53. Qg2 Qc3 54. Qe4+ Kf6 55. Kh3 Qa1 56. Qe5+ Qxe5 57. fxe5+ Kxe5 58. Kh4 Kf6 59. Kxh5 Kf7 60. g4 Kf8 61. Kh6 Kf7 62.
g5 Kf8 63. g6 Kg8 64. g7 Kf7 65. Kh7 Ke6 66. g8=Q+ Ke5 67. Kg6 Ke4 68. Qe8+ Kf4 69. Kf6 Kg4 70. Qe3 Kh5 71. Qg5# 1-0

[Event "*** SCC Grand Prix: Titled Tuesday Blitz"]
[Site "Chess.com"]
[Date "2020.07.14"]
[Round "9"]
[White "random_mango"]
[Black "Sergey85Rodchenkov"]
[Result "1/2-1/2"]
[WhiteElo "2367"]
[BlackElo "2507"]
[TimeControl "180+1"]
[EndTime "11:48:16 PDT"]
[Termination "Game drawn - insufficient material"]

1. e4 c5 2. Nf3 d6 3. d4 cxd4 4. Qxd4 e5 5. Qe3 Nf6 6. c4 Be7 7. Be2 O-O 8. h3 h6 9. O-O Be6 10. Nc3 Nbd7 11. b3 a6 12. Rd1 Qa5 13. Bd2 Qc7 14. Rac1 Rac8 15. Nd5 Bxd5 16. cxd5 Qb8 17. Rxc8 Rxc8 18. Rc1 Bd8 19. Rxc8 Qxc8 20. Bd3 Bb6 21. Qe1 Qc7 22. Bb1 Qc5 23. Be3 Qb5 24. Bd2 Bc5 25.
Nh4 Qb6 26. Nf5 Qc7 27. b4 Bb6 28. Qc1 Ne8 29. a4 Qxc1+ 30. Bxc1 Kf8 31. a5 Ba7 32. Bc2 b5 33. axb6 Bxb6 34. Be3 Bxe3 35. Nxe3 g6 36.
Bd3 Nc7 37. Nc4 Ke7 38. Na5 Nb8 39. f3 Kd7 40. Kf2 Na8 41. Nc6 Nxc6 42. dxc6+ Kxc6 43. Bxa6 Nb6 44. Ke3 f5 45. Bd3 f4+ 46. Kd2 g5 47.
Kc3 Nc8 48. Bc2 Kb6 49. Ba4 Ne7 50. Kc4 Ng6 51. Kd5 Kc7 52. b5 Nh4 53. b6+ Kxb6 54. Kxd6 Nxg2 55. Kxe5 Ne1 56. Bd1 Kc5 57. Kf5 Kd4 58.
Kg6 Ke3 59. Kxh6 Nxf3 60. Bxf3 Kxf3 61. e5 Kg2 62. e6 f3 63. e7 f2 64. e8=Q f1=Q 65.
Qe4+ Kxh3 66. Kxg5 Qg1+ 67. Kf6 Qg4 68. Qxg4+ Kxg4 1/2-1/2

[Event "*** SCC Grand Prix: Titled Tuesday Blitz"]
[Site "Chess.com"]
[Date "2020.07.14"]
[Round "9"]
[White "swimmerchess"]
[Black "Meri-Arabidze"]
[Result "1/2-1/2"]
[WhiteElo "2804"]
[BlackElo "2565"]
[TimeControl "180+1"]
[EndTime "11:48:19 PDT"]
[Termination "Game drawn - insufficient material"]

1. e4 c5 2. Nf3 e6 3. d4 cxd4 4. Nxd4 Nc6 5. Nc3 a6 6. Be2 Nf6 7. O-O d6 8. Be3 Be7 9. f4 O-O 10. Kh1 Bd7 11. Qe1 Nxd4 12. Bxd4 Bc6 13. Qg3 g6 14.
Bd3 b5 15. a3 Nh5 16. Qe3 Rb8 17. Rae1 a5 18. Nd5 exd5 19. exd5 Bxd5 20. Qxe7 Qxe7 21. Rxe7 b4 22. a4 Rfe8 23. Ra7 Ra8 24. Rxa8 Bxa8 25. Kg1 Be4 26. Re1 d5 27. g3 f5 28. Bb6 Ra8 29.
Kf2 Nf6 30. h3 Nd7 31. Bd4 Rc8 32. Bb5 Nc5 33. Re2 Kf7 34. Ke3 h5 35. c3 Nb3 36.
cxb4 axb4 37. Bb6 Rc1 38. a5 d4+ 39. Bxd4 Nxa5 40. Be5 Nc4+ 41. Kd4 Nxe5 42. fxe5 Rd1+ 43. Kc5 Ke6 44. Kxb4 Kxe5 45. Kc3 Rg1 46. Re3 f4 47. gxf4+ Kxf4 48. Kd4 Rd1+ 49. Bd3 Bf5 50. b4 g5 51. b5 g4 52. hxg4 hxg4 53. b6 Bxd3 54. Rxd3 Rb1 55. Kc5 g3 56. Rxg3 Kxg3 57. Kc6 Rc1+ 58.
Kd7 Rb1 59. Kc7 Kf4 60. b7 Ke5 61. b8=Q Rxb8 62. Kxb8 1/2-1/2

[Event "*** SCC Grand Prix: Titled Tuesday Blitz"]
[Site "Chess.com"]
[Date "2020.07.14"]
[Round "9"]
[White "AttilaTurzo"]
[Black "Kotofeyca"]
[Result "1-0"]
[WhiteElo "2482"]
[BlackElo "2309"]
[TimeControl "180+1"]
[EndTime "11:48:19 PDT"]
[Termination "AttilaTurzo won on time"]

1. e4 c5 2. Nf3 d6 3. d4 cxd4 4.
Nxd4 Nf6 5. Nc3 a6 6. Bg5 e6 7. f4 Qb6 8. a3 Nc6 9. Bxf6 gxf6 10. Nxc6 bxc6 11. Qc1 Rb8 12. Rb1 d5 13. Bd3 Bc5 14. Ke2 Bd4 15. Na4 Qa5 16. b3 Rg8 17. g3 Bd7 18. c3 Ba7 19. c4 Bd4 20. cxd5 cxd5 21.
exd5 e5 22. Be4 Bg4+ 23. Kd3 f5 24. Qc6+ Kf8 25. Qd6+ Kg7 26. fxe5 Qb5+ 27. Kxd4 Rgd8 28. Qf6+ Kg8 29. Bg2 Qe2 30. Rb2 Qb5 31. Qg5+ Kh8 32. Qf6+ Kg8 33. Rc1 Rxd5+ 34. Bxd5 Bh5 35. Qg5+ Bg6 36.
Nc5 Qa5 37. b4 Qb6 38. Qd2 Rd8 39. Ke3 Qb8 40. Rd1 Qxe5+ 41. Kf2 f4 42. gxf4 Qf5 43. Be4 Qh3 44. Bxg6 Qxh2+ 45. Kf3 Qh3+ 46. Ke4 Rxd2 47. Bxf7+ Kxf7 48. Rbxd2 Qg4 49. Rd7+ Ke8 50. R1d6 Qe2+ 51. Kd5 Qf3+ 52. Kc4 Qe2+ 53. Rd3 Qc2+ 54. Rc3 Qa2+ 55. Kd4 Qd2+ 56. Kc4 Qa2+ 57. Nb3 Kxd7 58. Rd3+ Ke6 59. Kc3 Kf5 60. Nd4+ 1-0

[Event "*** SCC Grand Prix: Titled Tuesday Blitz"]
[Site "Chess.com"]
[Date "2020.07.14"]
[Round "9"]
[White "shnitez"]
[Black "BJthechessgod"]
[Result "1/2-1/2"]
[WhiteElo "2521"]
[BlackElo "2304"]
[TimeControl "180+1"]
[EndTime "11:48:20 PDT"]
[Termination "Game drawn by stalemate"]

1. d4 Nf6 2. c4 e6 3. Nc3 Bb4 4.
e3 O-O 5. Ne2 c5 6. a3 Bxc3+ 7.
Nxc3 cxd4 8. Qxd4 d5 9. cxd5 exd5 10. Bd3 Nc6 11. Qh4 h6 12. O-O d4 13. Ne4 Nxe4 14. Qxe4 f5 15. Qf4 Be6 16. exd4 Qxd4 17. Qxd4 Nxd4 18. Be3 Nb3 19. Rad1 f4 20. Bd2 Nxd2 21. Rxd2 Rfd8 22. Rfd1 Kf8 23. Be4 Rxd2 24. Rxd2 Rc8 25. f3 b6 26. Kf2 Ke7 27. g3 fxg3+ 28. hxg3 Rd8 29. Rc2 Rc8 30. Re2 Kf6 31. Ke3 Bf5 32. Rd2 Bxe4 33. Kxe4 Ke6 34. f4 Rc4+ 35. Kf3 Rc8 36.
Re2+ Kf6 37. Rd2 Ke6 38. g4 g6 39. Ke4 Rc4+ 40. Ke3 Rc8 41. Rh2 Rh8 42. Ke4 h5 43.
gxh5 gxh5 44. f5+ Kf6 45. Kf4 h4 46. Rh3 Rh5 47. Kg4 Rh8 48. Kf4 b5 49. b4 a6 50. Kg4 Rh7 51. Kf4 Rh5 52. Kg4 Rh6 53. Re3 Rh8 54. Re6+ Kf7 55. Kh3 Rh5 56. Rxa6 Rxf5 57.
Kxh4 Ke7 58. Kg4 Rf1 59. Rb6 Ra1 60. Rxb5 Rxa3 61. Kf4 Kd6 62. Ke4 Kc6 63. Rc5+ Kb6 64. Kd4 Ra1 65. Kc4 Rc1+ 66. Kd5 Rxc5+ 67. bxc5+ Kc7 68. c6 Kc8 69. Kd6 Kd8 70. c7+ Kc8 71.
Kc6 1/2-1/2

[Event "*** SCC Grand Prix: Titled Tuesday Blitz"]
[Site "Chess.com"]
[Date "2020.07.14"]
[Round "9"]
[White "Fandorine"]
[Black "nrvisakh"]
[Result "1-0"]
[WhiteElo "2948"]
[BlackElo "2776"]
[TimeControl "180+1"]
[EndTime "11:48:21 PDT"]
[Termination "Fandorine won on time"]

1. e4 c6 2. Nf3 d5 3. d3 g6 4.
e5 Bg7 5. d4 c5 6. dxc5 Nc6 7.
Bb5 Nh6 8. O-O O-O 9. c3 Bg4 10. Bxc6 bxc6 11. Re1 f6 12. exf6 Rxf6 13. Nbd2 e5 14.
h3 Bh5 15. Rxe5 Bxf3 16. Nxf3 Rxf3 17. Qxf3 Bxe5 18. Bxh6 Qh4 19. Re1 Qxh6 20. Rxe5 Qc1+ 21. Kh2 Rf8 22. Qe3 Qxb2 23. f3 Qb8 24. f4 Qc7 25.
Kg3 Qf7 26. Re7 Qf6 27. Qe6+ Qxe6 28. Rxe6 Rc8 29. Kg4 Kf7 30. Rd6 Rc7 31. a4 Kg7 32. a5 Kf7 33. a6 Kg7 34. h4 Kf7 35. g3 Kg7 36. h5 gxh5+ 37. Kxh5 Re7 38. Rxc6 Re3 39.
Kg4 Rxc3 40. Rc7+ Kg6 41. f5+ Kf6 42. Rc6+ Kf7 43. Kf4 Ra3 44. g4 d4 45. Ke4 d3 46.
Rd6 Ra4+ 47. Ke5 Rxg4 48. Rd7+ Ke8 49. Rxd3 Ra4 50. Kd6 Rxa6+ 51. c6 Kf7 52. Re3 Ra1 53. c7 Rc1 54. Re5 1-0

[Event "*** SCC Grand Prix: Titled Tuesday Blitz"]
[Site "Chess.com"]
[Date "2020.07.14"]
[Round "9"]
[White "RobPeresian"]
[Black "mattcolins2025"]
[Result "0-1"]
[WhiteElo "2235"]
[BlackElo "2391"]
[TimeControl "180+1"]
[EndTime "11:48:21 PDT"]
[Termination "mattcolins2025 won on time"]

1. e4 c5 2. Nf3 e6 3. c4 Nc6 4. Nc3 Nf6 5. a3 a5 6. d4 cxd4 7. Nxd4 Bc5 8. Be3 Qe7 9. Nxc6 bxc6 10. e5 Ng8 11. Ne4 Bxe3 12. Nd6+ Kf8 13. fxe3 f6 14. c5 fxe5 15. Bd3 Nf6 16. O-O Kg8 17. e4 h6 18. Qf3 Kh7 19. Qg3 Ba6 20. Bxa6 Rxa6 21. Qxe5 Raa8 22. Rad1 Rhf8 23. h3 a4 24. Rd3 Ra5 25.
Rdf3 Raa8 26. g4 Ng8 27. Rf7 Rxf7 28. Rxf7 Qg5 29. Qxg5 hxg5 30. Rxd7 Nf6 31. Rc7 Rb8 32. Rb7 Rxb7 33. Nxb7 Nxe4 34. Kg2 Kg6 35. Kf3 Nd2+ 36.
Ke2 Nc4 37. Nd8 Nxb2 38. Nxc6 Nc4 39. Nd4 Kf6 40. Nc2 Ke5 41. Kd3 Kd5 42. Kc3 Kxc5 43. Kd3 Ne5+ 44. Ke4 Ng6 45. Kd3 Nf4+ 46. Ke4 Nxh3 47.
Ke5 Nf4 48. Ne3 Kb5 49. Ke4 Ng6 50. Kd4 Ne7 51. Ke4 Kc5 52. Ke5 Nd5 53. Nc2 Nf4 54. Ne3 Ng6+ 55. Kxe6 Kd4 56. Nf5+ Kc3 57. Kf7 Ne5+ 58. Kxg7 Nxg4 59. Kg6 Ne5+ 60. Kxg5 Kb3 61. Kf4 Nc4 62. Ke4 Nxa3 63. Kd3 Nc2 64. Nd6 a3 0-1

[Event "*** SCC Grand Prix: Titled Tuesday Blitz"]
[Site "Chess.com"]
[Date "2020.07.14"]
[Round "9"]
[White "K-Nygren"]
[Black "chessplayer9919"]
[Result "1-0"]
[WhiteElo "2500"]
[BlackElo "2631"]
[TimeControl "180+1"]
[EndTime "11:48:23 PDT"]
[Termination "K-Nygren won by checkmate"]

1. e4 c6 2. d4 d5 3. e5 Bf5 4.
Nd2 e6 5. Nb3 Nd7 6. Be3 Bg6 7.
Rc1 Ne7 8. h4 h6 9. g4 h5 10.
Be2 hxg4 11. Bxg4 Nf5 12. h5 Nxe3 13. fxe3 Qg5 14. Qe2 Be4 15. Bf3 Nb6 16. Bxe4 dxe4 17. Nh3 Qg3+ 18. Nf2 Nd5 19. Rh3 Qg2 20. Kd2 O-O-O 21.
Rch1 Qg5 22. Nxe4 Qh6 23. Kc1 Be7 24. Kb1 f5 25. exf6 gxf6 26. a3 f5 27. Nec5 Rhg8 28.
Na5 Bxc5 29. dxc5 Rg4 30. Nc4 Rdg8 31. e4 fxe4 32. Nd6+ Kb8 33. Ka2 Qf4 34. Rb3 b6 35.
Qa6 R4g7 36. h6 Rh7 37. Rd1 Qf2 38. Rxd5 exd5 39. cxb6 axb6 40. Rxb6+ Kc7 41. Rxc6+ Kd7 42. Qb7+ Ke6 43. Qxh7 Ke5 44. Nc4+ dxc4 45. Qxg8 c3 46.
Qg7+ Kd5 47. Qd7+ Ke5 48. Qe7+ Kf4 49. Rf6+ Ke3 50. Rxf2 cxb2 51. Re2+ Kxe2 52. Qxe4+ Kd1 53. Kxb2 Kd2 54. Qd3+ Ke1 55. h7 Kf2 56. h8=Q Ke1 57. Qe8+ Kf2 58. Qf5+ Kg3 59. Qg8+ Kh4 60. Qfh7# 1-0

[Event "*** SCC Grand Prix: Titled Tuesday Blitz"]
[Site "Chess.com"]
[Date "2020.07.14"]
[Round "9"]
[White "Duhless"]
[Black "FairChess_on_YouTube"]
[Result "1-0"]
[WhiteElo "3045"]
[BlackElo "2998"]
[TimeControl "180+1"]
[EndTime "11:48:24 PDT"]
[Termination "Duhless won by resignation"]

1. e4 c5 2. Nf3 e6 3. Nc3 a6 4. d4 cxd4 5. Nxd4 Qc7 6. Bd3 Nf6 7. O-O Bc5 8. Nb3 Ba7 9. Qe2 Nc6 10.
Be3 Bxe3 11. Qxe3 Ng4 12. Qh3 h5 13. Be2 Qf4 14. a4 b6 15. Bxg4 Qxg4 16. Qe3 Rb8 17. Rad1 O-O 18. f4 f5 19. exf5 Rxf5 20. Ne4 Nb4 21.
h3 Qg6 22. Nd4 Rf8 23. Nd6 Bb7 24. Nxb7 Rxb7 25. f5 Nd5 26. Qe4 Qh7 27. Nxe6 dxe6 28. Qxe6+ Kh8 29. Rxd5 Rbb8 30. f6 gxf6 31. Rxf6 Rbe8 32.
Rxf8+ Rxf8 33. Qe5+ Kg8 34. Qg5+ Qg7 35. Qxg7+ Kxg7 36. Rxh5 Rd8 37. Re5 Rd2 38. Re6 b5 39. Rxa6 Rxc2 40.
axb5 Rxb2 41. Rb6 Rb3 42. Rb8 Kf6 43. b6 Kg7 44. Kh2 Rb2 45. h4 Rb5 46. g3 Kg6 47. Kh3 Rb1 48. b7 Kg7 49. g4 Rb3+ 50. Kg2 Rb2+ 51. Kf3 Rb3+ 52. Ke4 Rb4+ 53. Kd5 Rb1 54. h5 Rd1+ 55. Kc4 Rc1+ 56. Kd3 Rd1+ 57. Ke2 Rb1 58. g5 Rb2+ 59. Kd3 Rb1 60. Kc2 Rb5 61. h6+ Kh7 62. g6+ Kxg6 63. Rg8+ Kxh6 64. b8=Q 1-0

[Event "*** SCC Grand Prix: Titled Tuesday Blitz"]
[Site "Chess.com"]
[Date "2020.07.14"]
[Round "9"]
[White "harkerchess"]
[Black "RusPakhom"]
[Result "1-0"]
[WhiteElo "2110"]
[BlackElo "2257"]
[TimeControl "180+1"]
[EndTime "11:48:25 PDT"]
[Termination "harkerchess won by resignation"]

1. d4 d6 2. c4 e5 3. dxe5 dxe5 4. Qxd8+ Kxd8 5. Nc3 Be6 6. e4 c6 7. Bg5+ f6 8. O-O-O+ Kc7 9. Be3 Nd7 10. Be2 Ne7 11. f4 exf4 12. Bxf4+ Kc8 13. Nf3 Ng6 14. Bg3 Bc5 15.
Nd4 Bxd4 16. Rxd4 Nde5 17. b3 Kc7 18. h3 Rad8 19. Rhd1 Rxd4 20. Rxd4 Rd8 21. Rxd8 Kxd8 22. Kd2 Ke7 23. Ke3 Nd7 24. a3 Nge5 25. Na4 b6 26. Nc3 Nc5 27. b4 Ncd7 28. Bxe5 Nxe5 29. Kd4 Kd6 30.
c5+ bxc5+ 31. bxc5+ Kc7 32. g4 h5 33. gxh5 Bxh3 34.
Nd1 Nf7 35. Ne3 Ng5 36. Bg4 Bxg4 37. Nxg4 Ne6+ 38. Kc4 Nf4 39. h6 gxh6 40. Nxh6 Nh5 41. Ng8 Kd7 42. Kd4 Ke6 43. Nh6 Ng3 44. Ng4 Ne2+ 45.
Kd3 Nc1+ 46. Kd4 Nb3+ 47. Kc4 Nd2+ 48. Kd4 Nf3+ 49. Ke3 Ne5 50. Nxe5 Kxe5 51. Kd3 Kf4 52. Kd4 Kf3 53. e5 fxe5+ 54. Kxe5 Ke3 55. Kd6 Kd4 56.
Kxc6 a5 57. Kd6 a4 58. c6 Kc3 59. c7 Kb3 60. c8=Q Kxa3 61. Qc2 Kb4 62. Qa2 1-0

[Event "*** SCC Grand Prix: Titled Tuesday Blitz"]
[Site "Chess.com"]
[Date "2020.07.14"]
[Round "9"]
[White "YPradafah"]
[Black "Unknown_IM"]
[Result "1-0"]
[WhiteElo "2543"]
[BlackElo "2376"]
[TimeControl "180+1"]
[EndTime "11:48:26 PDT"]
[Termination "YPradafah won on time"]

1. d4 d5 2. Nf3 c6 3. Bf4 Qb6 4. Qc1 Bf5 5. e3 Nf6 6. c4 Nh5 7. Bg3 Nxg3 8. hxg3 Nd7 9. Nc3 e6 10. Be2 h6 11. O-O Be7 12. Qd2 O-O 13. Rfc1 Nf6 14. Ne5 Bb4 15. f3 dxc4 16. Nxc4 Qd8 17. a3 Be7 18. e4 Bg6 19. Rd1 Qc7 20. Qf4 Qxf4 21.
gxf4 Nh5 22. f5 exf5 23. exf5 Bh7 24. g4 Nf4 25. Bf1 Rad8 26. Ne4 Rfe8 27. b4 h5 28.
Ra2 hxg4 29. fxg4 Bh4 30. Nc5 b6 31. Nb3 Bf6 32. Rf2 Nd5 33. Bg2 Nc3 34. Rdd2 b5 35.
Ne5 Bxe5 36. dxe5 Rc8 37. Rd3 Na4 38. Re3 Nb6 39. e6 fxe6 40. fxe6 Nc4 41. Re1 Re7 42. Nd4 c5 43. Nc6 Ree8 44. bxc5 Nxa3 45. e7 b4 46. Nd8 Rcxd8 47. exd8=Q Rxd8 48. c6 Rc8 49. Rb2 a5 50. Rd2 Nb5 51. Re7 Bb1 52. Rdd7 g6 53. Rg7+ Kf8 54. Rh7 Kg8 55. Rb7 Nd6 56. Bd5+ Nf7 57.
Rbxf7 Ba2 58. Bxa2 b3 59. Bxb3 a4 60. Bd5 Rd8 61.
Rd7+ 1-0

[Event "*** SCC Grand Prix: Titled Tuesday Blitz"]
[Site "Chess.com"]
[Date "2020.07.14"]
[Round "9"]
[White "annazero"]
[Black "Andrei_Belozerov"]
[Result "1-0"]
[WhiteElo "2405"]
[BlackElo "2564"]
[TimeControl "180+1"]
[EndTime "11:48:27 PDT"]
[Termination "annazero won by resignation"]

1. d4 d5 2. Bf4 Nf6 3. e3 c5 4. c3 Nc6 5. Nd2 cxd4 6. exd4 Bf5 7. Ngf3 e6 8. Nh4 Bg4 9. Qb3 Bd6 10. Qxb7 Bxf4 11.
Qxc6+ Kf8 12. Nhf3 Rb8 13. Qa6 g6 14. Bd3 Kg7 15. Rb1 Rb6 16. Qa4 Qb8 17. Qc2 Qb7 18. h3 Bxf3 19. Nxf3 Rb8 20. b3 Qc7 21. O-O Rc6 22. c4 dxc4 23. bxc4 Rd8 24. Qe2 Nh5 25. Rfd1 Kg8 26. Qe4 Bh6 27. Bf1 Bg7 28. Rd2 Nf6 29. Qe3 Rcd6 30. g3 Nd7 31. Rbd1 Nb8 32. d5 exd5 33.
cxd5 Nd7 34. Bg2 Qb6 35. Qe4 Nf6 36. Qc4 Qa5 37. Ne5 Re8 38. Nc6 Qa3 39. Kh2 h5 40. Rd3 Qb2 41. R1d2 Qb1 42. Re3 Rxe3 43. fxe3 Qb6 44.
Qf4 Qc7 45. e4 Nd7 46. e5 Rxc6 47. dxc6 Nxe5 48. Rd7 Qc8 49. Rxa7 h4 50. gxh4 f5 51. Bd5+ Kh7 52. h5 Qf8 53. hxg6+ Kxg6 54. Qg3+ Ng4+ 55. hxg4 Qh8+ 56. Kg2 Be5 57. gxf5+ Kxf5 58. Rf7+ Bf6 59. Qf3+ Kg5 60. Qxf6+ Qxf6 61. Rxf6 Kxf6 62. c7 Ke5 63. c8=Q Kxd5 64. a4 1-0

[Event "*** SCC Grand Prix: Titled Tuesday Blitz"]
[Site "Chess.com"]
[Date "2020.07.14"]
[Round "9"]
[White "HouseOfDurin"]
[Black "dpopadic"]
[Result "0-1"]
[WhiteElo "2033"]
[BlackElo "2318"]
[TimeControl "180+1"]
[EndTime "11:48:27 PDT"]
[Termination "dpopadic won by checkmate"]

1. d4 Nf6 2. Bg5 e6 3. e4 h6 4. Bxf6 Qxf6 5. e5 Qd8 6. f4 d6 7. Nf3 Be7 8. c4 c5 9. dxc5 dxe5 10. Qxd8+ Bxd8 11. Nxe5 Be7 12. Nd3 Nd7 13. Nc3 Nxc5 14. Nxc5 Bxc5 15. g3 Bd7 16. Bg2 O-O-O 17. O-O-O Bb4 18.
Kc2 Bxc3 19. Kxc3 Kc7 20. Rd2 Bc8 21. Rhd1 Rxd2 22. Rxd2 b6 23. b4 f6 24. a4 Re8 25.
Bh3 g5 26. Re2 gxf4 27. gxf4 Kd6 28. Rd2+ Kc7 29. b5 Rg8 30. Re2 Kd6 31. Kb4 Rg1 32.
Rd2+ Ke7 33. Rg2 Rxg2 34. Bxg2 Kd6 35. Bh3 Bd7 36. Bg4 Be8 37. a5 e5 38. fxe5+ fxe5 39. axb6 axb6 40. Bf5 Bf7 41. h4 Bh5 42. Be4 Be2 43.
Bd5 Bd3 44. Kc3 Bf1 45. Be4 Kc5 46. Bd5 Be2 47. Be6 Bf3 48. Bf7 e4 49. Bd5 Bg2 50.
Kd2 Kd4 51. Ke2 Bf3+ 52. Ke1 Bg4 53. Bf7 e3 54. h5 Bf3 55. Kf1 Bd1 56. Ke1 Bc2 57. Ke2 Bd3+ 58. Kf3 Bf1 59. Bg6 Bxc4 60. Bc2 Bxb5 61. Bb3 Bc6+ 62. Ke2 b5 63. Bf7 b4 64.
Ke1 Be4 65. Kd1 Bd3 66. Bg6 Bc4 67. Ke1 b3 68. Kd1 Bd3 69. Ke1 b2 70. Bxd3 Kxd3 71.
Kf1 b1=Q+ 72. Kg2 e2 73. Kh3 e1=Q 74. Kh2 Qc2+ 75. Kh3 Qe3+ 76. Kg4 Qc4+ 77. Kf5 Qg5# 0-1